 Dungeon Crawl Stone Soup version 0.27.1-33-g824d729ab1 (webtiles) character file.

Game seed: 1341748042518786137

179 Destapler the Shield-Bearer (level 5, -8/47 HPs)
             Began as a Minotaur Fighter on Dec 6, 2021.
             Mangled by a thrashing horror (13 damage)
             ... on level 1 of the Abyss.
             The game lasted 00:03:32 (2776 turns).

Destapler the Shield-Bearer (Minotaur Fighter)      Turns: 2776, Time: 00:03:32

Health: -8/47      AC:  8    Str: 21    XL:     5   Next: 32%
Magic:  4/4        EV:  7    Int:  5    God:
Gold:   102        SH:  9    Dex: 10    Spells: 4/4 levels left

rFire    . . .     SeeInvis .   a - +0 war axe
rCold    . . .     Faith    .   c - +0 kite shield
rNeg     . . .     Spirit   .   b - +0 scale mail
rPois    .         Reflect  .   (helmet restricted)
rElec    .         Harm     .   j - +0 cloak
rCorr    .         Rampage  .   (no gloves)
Will     .....                  (no boots)
Stlth    ..........             (no amulet)
HPRegen  0.15/turn              (no ring)
MPRegen  0.09/turn              (no ring)

@: no status effects
A: horns 2, retaliatory headbutt
a: no special abilities


You were on level 1 of the Abyss.
You visited 1 branch of the dungeon, and saw 3 of its levels.
You visited the Abyss 1 time.

You collected 102 gold pieces.

Inventory:

Hand Weapons
 a - a +0 war axe (weapon)
Missiles
 h - 13 boomerangs (quivered)
 p - 9 poisoned darts
Armour
 b - a +0 scale mail (worn)
 c - a +0 kite shield (worn)
 j - a +0 cloak (worn)
Jewellery
 m - a ring of fire
Scrolls
 f - a scroll of teleportation {unknown}
 g - a scroll of enchant armour {unknown}
 i - 2 scrolls of identify {unknown}
 k - a scroll of summoning {unknown}
 l - a scroll of fog {unknown}
 o - a scroll of brand weapon {unknown}
Potions
 d - a potion of might
 e - a potion of cancellation {unknown}
 n - a potion of lignification {unknown}


   Skills:
 + Level 4.7 Fighting
 + Level 3.9 Axes
 + Level 4.8 Armour
 + Level 4.8 Shields


You had 4 spell levels left.
You didn't know any spells.
Your spell library contained the following spells:

 Spells                   Type           Power      Damage    Failure   Level
 Foxfire                  Conj/Fire      0%         2x1d4     99%         1
 Conjure Flame            Conj/Fire      0%         6-21      100%        3
 Dazzling Flash           Conj/Hex       0%         N/A       100%        3
 Frozen Ramparts          Ice            0%         1d2       100%        3
 Gell's Gravitas          Tloc           0%         N/A       100%        3
 Inner Flame              Hex/Fire       0%         N/A       100%        3
 Lesser Beckoning         Tloc           0%         N/A       100%        3
 Teleport Other           Tloc           0%         N/A       100%        3
 Ice Form                 Ice/Tmut       0%         N/A       100%        4
 Iskenderun's Mystic Bla  Conj/Tloc      0%         2d3       100%        4
 Summon Ice Beast         Ice/Summ       0%         N/A       100%        4
 Starburst                Conj/Fire      0%         6d3       100%        6


Dungeon Overview and Level Annotations

Branches:
Dungeon (3/15)

Altars:
Lugonu

Portals:
Abyss: D:3


Innate Abilities, Weirdness & Mutations

You have a pair of horns on your head.
You reflexively headbutt those who attack you in melee.


Message History

The thrashing horror closely misses you.
The thrashing horror tramples you but does no damage.
The thrashing horror roars!
The thrashing horror tramples you.
* * * LOW HITPOINT WARNING * * *
You stumble backwards!
The thrashing horror roars!
The thrashing horror tramples you.
* * * LOW HITPOINT WARNING * * *
You stumble backwards!
You block the thrashing horror's attack.
The thrashing horror tramples you but does no damage.
The thrashing horror roars!
You block the thrashing horror's attack.
The thrashing horror tramples you but does no damage.
The thrashing horror roars!
The thrashing horror tramples you.
* * * LOW HITPOINT WARNING * * *
You hold your ground!
The thrashing horror tramples you but does no damage.
Found 28 stones.
The thrashing horror tramples you but does no damage.
The thrashing horror completely misses you.
The thrashing horror roars!
You block the thrashing horror's attack.
The thrashing horror tramples you but does no damage.
The thrashing horror roars!
The thrashing horror tramples you.
* * * LOW HITPOINT WARNING * * *
You stumble backwards!
You are too injured to fight recklessly!
You are too injured to fight recklessly!
You are too injured to fight recklessly!
You are too injured to fight recklessly!
The thrashing horror roars!
The thrashing horror tramples you but does no damage.
You block the thrashing horror's attack.
The thrashing horror roars!
The thrashing horror tramples you!
You die...

### .
##..#..###..#..
#. #.. .#...#..#
.#
#....#..#....#.
#.....##.......#
#.## ##....#...#
##.####..#..#..#
#.....#....## #
#.#.X..#.#
#.@..##...
#..(....#.##
...#.#..#...#
.... .##.#..###
... .. ###.#. #.
.#. .# .# # .##
#. ## ##


You could see a thrashing horror.

Vanquished Creatures
  Natasha (D:3)
  Terence (D:3)
  Robin (D:3)
  4 gnolls (D:3)
  A worm (D:2)
  A dart slug (D:2)
  An orc (D:3)
  5 ball pythons (D:1)
  5 endoplasms
  2 giant cockroaches (D:1)
  16 goblins
  8 hobgoblins
  6 bats
  3 frilled lizards
  10 kobolds
  5 rats
70 creatures vanquished.

Notes
Turn   | Place    | Note
-------+----------+-------------------------------------------
     0 | D:1      | Destapler the Minotaur Fighter began the quest for the Orb.
     0 | D:1      | Reached XP level 1. HP: 19/19 MP: 0/0
   273 | D:1      | Reached XP level 2. HP: 27/27 MP: 1/1
   690 | D:1      | Reached XP level 3. HP: 27/33 MP: 2/2
  1821 | D:3      | Noticed Robin
  1832 | D:3      | Killed Robin
  1833 | D:3      | Reached XP level 4. HP: 39/40 MP: 3/3
  1850 | D:3      | HP: 2/41 [gnoll (3)]
  2355 | D:3      | Noticed Terence
  2366 | D:3      | Killed Terence
  2367 | D:3      | Reached XP level 5. HP: 27/47 MP: 4/4
  2507 | D:3      | Found a one-way gate to the infinite horrors of the Abyss.
  2529 | D:3      | Noticed Natasha
  2534 | D:3      | Killed Natasha
  2719 | D:3      | Found a large runed translucent door.
  2719 | D:3      | Found a large runed translucent door.
  2725 | D:3      | Found a corrupted altar of Lugonu.
  2734 | D:3      | Cast into level 1 of the Abyss (kobold)
  2760 | Abyss:1  | Noticed a thrashing horror
  2776 | Abyss:1  | Mangled by a thrashing horror

Illustrated notes

Levels and vault maps discovered:
D:1:      lemuel_arrival_behind_the_door_small, layout_basic
D:2:      layout_basic
D:3:      due_chaos_kobolds, layout_rooms, uniq_natasha, uniq_terence,
          uniq_robin
Abyss:1:  base:
D:2

Skill      XL: |  1  2 |
---------------+-------+-----
Shields        | 4 |  4.8
Armour         | 4 |  4.8
Fighting       | 4 |  4.7
Axes           | 3 |  3.9

Action                   |  1- 3 |  4- 6 || total
-------------------------+-------+-------++-------
Melee: War axe           |    90 |    38 ||   128
       Headbutt          |    16 |     6 ||    22
Armor: Scale mail        |    41 |    25 ||    66
Dodge: Dodged            |    36 |    14 ||    50
Block: Kite shield       |    42 |    28 ||    70
